 Dungeon Crawl Stone Soup version 0.18-a0-867-gfd1cc8f (webtiles) character file.

357 Raultor the Insei (level 6, -12/55 HPs)
             Began as a Draconian Monk on Dec 21, 2015.
             Was a Believer of Ashenzari.
             Killed by divine providence
             ... invoked by an orc priest
              (14 damage)
             ... on level 4 of the Dungeon.
             The game lasted 00:08:04 (3523 turns).

Raultor the Insei (Draconian Monk)                  Turns: 3523, Time: 00:08:04

Health: -12/55     AC:  7    Str: 13    XL:     6   Next: 36%
Magic:  15/15      EV: 20    Int: 11    God:    Ashenzari [**....]
Gold:   149        SH:  0    Dex: 20    Spells: 0 memorised, 5 levels left

rFire  . . .     SeeInvis .       - Unarmed
rCold  . . .     Gourm    .     (armour unavailable)
rNeg   . . .     Faith    .     (no shield)
rPois  .         Spirit   .     (helmet restricted)
rElec  .         Dismiss  .     (no cloak)
rCorr  .         Reflect  .     e - +0 pair of gloves
SustAt .         Harm     .     (no boots)
MR     .....                    (no amulet)
Stlth  +++.......               (no ring)
                                f - ring of magical power {MP+9}

@: agile, not resistant to hostile enchantments, fairly stealthy
A: unfitting armour, cold-blooded, AC +6
a: Scrying, Renounce Religion


You were on level 4 of the Dungeon.
You worshipped Ashenzari.
Ashenzari was pleased with you.
You were very hungry.

You visited 1 branch of the dungeon, and saw 4 of its levels.

You collected 149 gold pieces.

Inventory:

Missiles
 p - 2 throwing nets (quivered) {=f, !d}
Armour
 e - a +0 pair of gloves (worn)
   (You found it on level 1 of the Dungeon)
Jewellery
 f - a ring of magical power (left hand) {MP+9}
   (You found it on level 2 of the Dungeon)
Scrolls
 i - 2 scrolls of magic mapping {unknown}
 k - 2 scrolls of remove curse
 m - 3 scrolls of identify {unknown}
 q - a scroll of immolation {unknown}
 r - a scroll of enchant armour {unknown}
 s - a scroll of fog {unknown}
Potions
 b - a potion of magic {unknown}
 c - 2 potions of resistance {unknown}
 g - 2 potions of haste {unknown}
 h - a potion of degeneration {unknown}
 l - 3 potions of might {unknown}
 n - 3 potions of curing {unknown}
 o - a potion of poison {unknown}
Comestibles
 a - 4 bread rations {@e1}
 j - 17 fruits


   Skills:
 + Level 4.9 Fighting
 + Level 3.9 Dodging
 - Level 1.7 Stealth
 * Level 6.2 Unarmed Combat


You had 5 spell levels left.
You didn't know any spells.

Dungeon Overview and Level Annotations

Branches:
Dungeon (4/15)             Temple (0/1) D:4

Altars:
Ashenzari
Nemelex Xobeh
Zin

Shops:
D:4 (


Innate Abilities, Weirdness & Mutations

Your plain brown scales are hard (AC +6).
Your body does not fit into most forms of armour.
You are cold-blooded and may be slowed by cold attacks.


Message History

An orc comes into view. It is wielding a club.
An orc wizard comes into view. It is wielding a dagger.
The orc wizard shouts!
The orc wizard casts a spell.
The orc wizard seems to speed up.
The orc wizard points at you and mumbles some strange words.
The magic dart hits you!
You take 4 damage, and have 49/53 hp.
The orc wizard casts a cantrip, but nothing happens.
The orc wizard points at you and mumbles some strange words.
The puff of frost hits you!
You take 11 damage, and have 39/53 hp.
MASSIVE DAMAGE!!
There is a stone staircase leading down here.
You hit the orc wizard.
The orc wizard hits you but does no damage.
The orc wizard hits you with a dagger.
You take 2 damage, and have 38/53 hp.
You punch the orc wizard!
Your tail-slap misses the orc wizard.
The orc wizard points at you and mumbles some strange words.
The magic dart hits you!
You take 7 damage, and have 31/53 hp.
You barely miss the orc wizard. The orc wizard barely misses you.
The orc wizard closely misses you.
You hit the orc wizard.
You kill the orc wizard!
Things that are here:
an uncursed dagger; an uncursed robe Unknown command.
There is a stone staircase leading down here.
There is a stone staircase leading down here.
Eat which item? (? for menu, Esc to quit)
Okay, then.
There is a stone staircase leading down here.
Key pressed, stopping explore.
Unknown command.
You regained 4 hp, and now have 37/55 hp.
There is a stone staircase leading up here.
Found a stone staircase leading down.
You swing at nothing.
There is a stone staircase leading down here.
An orc comes into view. It is wielding a club.
The orc moves out of view.
No target in view!
An orc comes into view.
The orc shouts!
You hear a shout!
The orc misses you.
You hit the orc.
You tail-slap the orc, but do no damage.
The orc hits you but does no damage.
An orc priest comes into view. It is wielding a short sword.
You hit the orc.
You kill the orc!
The orc priest calls down the wrath of Beogh upon you.
Something smites you!
You take 10 damage, and have 36/55 hp.
You closely miss the orc. The orc hits you but does no damage.
You barely miss the orc. You hit the orc.
You kill the orc!
You completely miss the orc.
Your tail-slap misses the orc.
The orc barely misses you.
The orc priest mumbles some strange prayers to Beogh against you.
Something smites you!
You take 12 damage, and have 24/55 hp.
MASSIVE DAMAGE!!
You hit the orc. The orc hits you.
You take 3 damage, and have 21/55 hp.
You closely miss the orc. The orc hits you.
The orc priest miscasts a cantrip.
You take 1 damage, and have 20/55 hp.
You hit the orc. The orc hits you.
You take 2 damage, and have 18/55 hp.
You hit the orc.
The orc priest invokes the aid of Beogh against you.
Pain shoots through your body!
* * * LOW HITPOINT WARNING * * *
The orc hits you but does no damage.
You take 8 damage, and have 10/55 hp.
You hit the orc.
You kill the orc!
The orc priest calls down the wrath of Beogh upon you.
Pain shoots through your body!
* * * LOW HITPOINT WARNING * * *
Things that are here:
an uncursed leather armour; an orc corpse You take 9 damage, and have 1/55 hp.
You barely miss the orc priest.
The orc priest hits you but does no damage.
Unknown command.
Drink which item? (? for menu, Esc to quit)
It was a potion of agility.
You feel agile all of a sudden. The orc priest barely misses you.
You barely miss the orc priest.
The orc priest hits you but does no damage.
You hit the orc priest.
The orc priest calls down the wrath of Beogh upon you.
Something smites you!
You die...

...##.# #.# #........# ##.#.
...##.# #.####.......## #...
*#..##.###..##........# #..#
#..##.##............### #...
#..##.#...............## ##...
#..##.#...#............## #....
#..##....###............# ##....
##...#...## ##.o@.......## #.....
....)...## ###.).......## ##.....
.###...## ##...........# #>.....
##_###..##............### #......
#.#.##.........##.......###......
...#.#.......## #######..........
.#...#......## ###........
..#.##....### #........


You could see an orc priest.

Vanquished Creatures
  2 scorpions (D:4)
  An orc priest (D:4)
  A hound (D:4)
  An orc wizard (D:4)
  8 gnolls
  A worm (D:2)
  7 orcs
  A ball python (D:3)
  9 bats
  8 giant cockroaches
  10 hobgoblins
  4 jackals (D:3)
  9 kobolds
  7 giant newts
  10 goblins
  4 quokkas
  7 rats
90 creatures vanquished.

Vanquished Creatures (others)
  A bat (D:3)
1 creature vanquished.

Grand Total: 91 creatures vanquished

Notes
Turn   | Place    | Note
--------------------------------------------------------------
     0 | D:1      | Raultor the Draconian Monk began the quest for the Orb.
     0 | D:1      | Reached XP level 1. HP: 19/19 MP: 1/1
   281 | D:1      | Reached XP level 2. HP: 24/26 MP: 2/2
   828 | D:2      | Reached skill level 3 in Dodging
   943 | D:2      | Reached XP level 3. HP: 29/31 MP: 3/3
  1299 | D:2      | Found a glowing silver altar of Zin.
  1684 | D:3      | Reached skill level 5 in Unarmed Combat
  1806 | D:3      | Reached XP level 4. HP: 35/40 MP: 4/4
  2164 | D:3      | Reached skill level 4 in Fighting
  2363 | D:4      | Found a sparkling altar of Nemelex Xobeh.
  2457 | D:4      | Reached XP level 5. HP: 31/46 MP: 5/5
  2598 | D:4      | Found a shattered altar of Ashenzari.
  2613 | D:4      | Became a worshipper of Ashenzari the Shackled
  2613 | D:4      | Reached * piety under Ashenzari
  2613 | D:4      | Reached ** piety under Ashenzari
  2860 | D:4      | Found Fesezerr's Antique Weapon Boutique.
  3035 | D:3      | Reached XP level 6. HP: 38/53 MP: 6/6
  3162 | D:3      | Reached skill level 6 in Unarmed Combat
  3395 | D:4      | Found a staircase to the Ecumenical Temple.
  3517 | D:4      | HP: 10/55 [orc priest/nerve-wracking pain (8)]
  3519 | D:4      | HP: 1/55 [orc priest/nerve-wracking pain (9)]
  3523 | D:4      | Killed from afar by an orc priest

Vault maps used:
D:1:      minmay_arrival_loop
D:2:      kennysheep_big_flooded_room, zin_scriptorium,
          minmay_misc_feat_columns, dk_vineyard_3
D:3:      first_bread
D:4:      marbit_many_paths, minmay_temple_entry_trees, serial_shops, shop,
          serial_bayou_pond_e, serial_park_tiny_pond,
          cheibrodos_ashenzari_chains

Action                   |  1- 3 |  4- 6 || total
-------------------------+-------+-------++-------
Melee: Unarmed           |   173 |   151 ||   324
  Use: Potion            |       |     1 ||     1
 Stab: Sleeping          |     3 |     2 ||     5
  Eat: Chunk             |     3 |     4 ||     7

Vault maps used:
D:1:      minmay_arrival_loop
D:2:      kennysheep_big_flooded_room, zin_scriptorium,
          minmay_misc_feat_columns, dk_vineyard_3
D:3:      first_bread
D:4:      marbit_many_paths, minmay_temple_entry_trees, serial_shops, shop,
          serial_bayou_pond_e, serial_park_tiny_pond,
          cheibrodos_ashenzari_chains

Table legend:
 A = Turns spent in this place as a percentage of turns spent in the entire game.
 B = Non-inter-level travel turns spent in this place as a percentage of non-inter-level travel turns spent in the entire game.
 C = Inter-level travel turns spent in this place as a percentage of turns spent in this place.
 D = Turns resting spent in this place as a percentage of non-inter-level travel turns spent in this place.
 E = Turns spent auto-exploring this place as a percentage of non-inter-level travel turns spent in this place.
 F = Non-inter-level travel turns spent in this place divided by the number of levels of this place that you've seen.
                   A       B       C       D       E      F
               +-------+-------+-------+-------+-------+----------------------
         Total | 100.0 | 100.0 |   0.4 |   1.2 |  10.9 | 258.5
       Dungeon | 100.0 | 100.0 |   0.4 |   1.2 |  10.9 | 258.5
               +-------+-------+-------+-------+-------+----------------------

Table legend:
 A = Kills in this place as a percentage of kills in entire the game.
 B = Kills by you in this place as a percentage of kills by you in the entire game.
 C = Kills by friends in this place as a percentage of kills by friends in the entire game.
 D = Other kills in this place as a percentage of other kills in the entire game.
 E = Experience gained in this place as a percentage of experience gained in the entire game.
 F = Experience gained in this place divided by the number of levels of this place that you have seen.
                   A       B       C       D       E      F
               +-------+-------+-------+-------+-------+----------------------
         Total | 100.0 | 100.0 |  -nan |  -nan | 100.0 | 127.5
       Dungeon | 100.0 | 100.0 |  -nan |  -nan | 100.0 | 127.5
               +-------+-------+-------+-------+-------+----------------------
